 Dungeon Crawl Stone Soup version 0.16-a0-347-ge97bf62 (webtiles) character file.

130669 Psiweapon the Sharpshooter (level 17, -3/107 HPs)
             Began as a Kobold Hunter on June 26, 2014.
             Was the Champion of Dithmenos.
             Slain by a giant leech (29 damage)
             ... on Level 2 of the Swamp on Sept 10, 2014.
             The game lasted 05:30:30 (51054 turns).

Psiweapon the Sharpshooter (Kobold Hunter)         Turns: 51054, Time: 05:30:30

HP  -3/107       AC 14     Str 11      XL: 17   Next: 65%
MP  31/31        EV 21     Int 10      God: Dithmenos [******]
Gold 546         SH  0     Dex 24      Spells:  4 memorised,  6 levels left

rFire  . . .     SeeInvis +     V - +0 short sword (vamp)
rCold  . . .     Clarity  .     L - +1 leather armour {rPois}
rNeg   + . .     rCorr    .     (no shield)
rPois  +         rRot     .     i - +2 helmet
rElec  .         Spirit   .     (no cloak)
SustAb .         Warding  +     S - +2 pair of gloves
rMut   .         Stasis   .     K - +2 pair of boots
Gourm  .                        C - amulet of warding
MR     +....                    G - ring of wizardry
                                y - ring of invisibility

@: wreathed by umbra, somewhat resistant to hostile enchantments, uncannily
stealthy
A: see invisible, agile 1, breathe flames 1, carnivore 3, slow healing 1,
forlorn
a: Shadow Step, Shadow Form, Renounce Religion, Breathe Fire, Evoke Invisibility


You were on level 2 of the Swamp.
You worshipped Dithmenos.
Dithmenos was exalted by your worship.
You were not hungry.

You visited 6 branches of the dungeon, and saw 32 of its levels.
You also visited: Ice Cave.

You collected 2732 gold pieces.
You spent 2186 gold pieces at shops.

Inventory:

Hand weapons
 a - a +5 dagger of speed
 b - a +0 arbalest of freezing
 d - a +0 blowgun
 V - a +0 vampiric short sword (weapon)
Missiles
 D - 4 curare-tipped needles
 J - 12 poisoned needles
 P - 22 steel bolts
 X - 86 bolts
Armour
 i - a +2 helmet (worn)
 K - a +2 pair of boots (worn)
 L - a +1 leather armour of poison resistance (worn)
 Q - the +2 robe "Pseadets" {SInv Stlth+}
   (You found it on level 8 of the Dungeon)

   It enhances your eyesight.
   It makes you more stealthy.
 S - a +2 pair of gloves (worn)
Magical devices
 c - a wand of slowing (13)
 h - a wand of teleportation (4)
 t - a wand of cold (1)
 w - a wand of disintegration (3)
 I - a wand of slowing (11)
 R - a wand of magic darts (18)
 T - a wand of confusion (7)
 Z - a wand of disintegration (12)
Comestibles
 f - 7 meat rations
 m - a beef jerky
 n - 2 slices of pizza
 z - 2 chunks of swamp worm flesh
 A - 8 royal jellies
Scrolls
 g - 4 scrolls of teleportation
 l - 7 scrolls of fog
 p - a scroll of recharging
 q - a scroll of enchant armour
 x - 9 scrolls of remove curse
 B - 4 scrolls of vulnerability
 E - 5 scrolls of magic mapping
 F - a scroll of fear
 O - 3 scrolls of blinking
 Y - a scroll of identify
Jewellery
 e - an uncursed ring of flight
 s - an uncursed ring of sustain abilities
 y - a ring of invisibility (left hand)
 C - an amulet of warding (around neck)
 G - a ring of wizardry (right hand)
 U - an uncursed ring of protection from fire
 W - an uncursed ring of protection from cold
Potions
 j - 18 potions of curing
 k - 2 potions of magic
 o - 4 potions of agility
 r - 8 potions of heal wounds
 u - 2 potions of brilliance
 v - a potion of cure mutation
 N - a potion of restore abilities
Miscellaneous
 M - a plain deck of defence {the Tomb}
Rods
 H - a +6 rod of the swarm (10/10)
   (You acquired it on level 4 of the Lair of Beasts)


   Skills:
 - Level 12.3 Fighting
 - Level 13.3 Short Blades
 - Level 16.8 Crossbows
 - Level 6.0 Armour
 - Level 8.0 Dodging
 - Level 13.1 Stealth
 + Level 7.2 Transmutations
 - Level 5.6 Ice Magic
 + Level 8.1 Earth Magic
 - Level 8.7 Invocations
 - Level 12.6 Evocations


You had 6 spell levels left.
You knew the following spells:

 Your Spells              Type           Power        Failure   Level  Hunger
a - Freeze                Ice            ##..         1%          1    ##.....
b - Ozocubu's Armour      Chrm/Ice       #.......     16%         3    ####...
c - Cure Poison           Pois           #.........   30%         2    ###....
d - Petrify               Trmt/Erth      ###.....     7%          4    #####..


Dungeon Overview and Level Annotations

Branches:
Dungeon (14/15)            Temple (1/1) D:7             Orc (4/4) D:10
    Elf (0/3) Orc:4          Lair (8/8) D:10          Swamp (2/5) Lair:5
 Spider (3/5) Lair:5        Slime (0/6) Lair:6
 Vaults: D:13-14

Altars:
Ashenzari
Cheibriados
Dithmenos
Elyvilon
Fedhas
Gozag
Kikubaaqudgha
Makhleb
Nemelex Xobeh
Okawaru
Qazlal
Sif Muna
Trog
Vehumet
Xom
Yredelemnul
Zin
The Shining One
Beogh

Shops:
D:6 (   D:8 ?   D:13 *   D:14 :   Orc:2 [   Orc:4 (([(=

Annotations:
D:4 Dowan
D:13 exclusion: electric eel
Swamp:2 Frances
Spider:3 exclusion: downstairs, Arachne


Innate Abilities, Weirdness & Mutations

You are small and have problems with some larger weapons.
You are carnivorous and can eat meat at any time.
You have supernaturally acute eyesight.
You are agile. (Dex +2)
You can breathe flames.
You heal slowly when monsters are visible.
You have difficulty communicating with the divine.


Message History

Your shadow hits the giant leech but does no damage.
Wield which item (- for none, * to show all)? (? for menu, Esc to quit)
Really wield
V - a +0 vampiric short sword? [Y]es or [N]o only, please.
Really wield
V - a +0 vampiric short sword? [Y]es or [N]o only, please.
Really wield
V - a +0 vampiric short sword? [Y]es or [N]o only, please.
Really wield
V - a +0 vampiric short sword?
You feel a dreadful hunger.
V - a +0 vampiric short sword (weapon)
You miss the giant leech.
The giant leech is lightly wounded.
The giant leech bites you!!
* * * LOW HITPOINT WARNING * * *
The giant leech draws strength from your injuries!
You barely miss the giant leech.
Your shadow hits the giant leech but does no damage.
You miss the giant leech. The giant leech bites you!!
You die...

..≈. ♣≈≈. ≈.≈≈≈≈≈♣
.≈§≈≈≈. ≈≈≈≈≈≈≈♣♣
♣≈≈.≈♣.♣..♣≈≈≈.§♣♣
♣♣.≈≈≈≈..♣.≈≈≈≈..≈♣♣
♣..≈≈......≈≈≈§..§§♣♣ ♣
♣♣.≈≈≈<♣≈.♣..≈§§§§$§≈..♣
♣.≈≈≈≈.≈≈≈♣.≈§§≈§§♣≈≈..♣
♣♣.≈≈≈.≈≈.♣≈≈≈§w@§§.♣
.......≈♣...♣≈§♣♣♣♣..≈≈♣
≈≈..♣.≈≈♣.≈..≈.♣ .♣♣
.≈.♣♣≈≈♣§.≈≈≈≈≈♣
.≈.♣♣♣.≈..♣≈♣≈≈♣ ≈..♣
♣≈.≈≈≈..≈≈♣ ..♣♣
♣≈≈.≈≈.♣..♣ .≈♣♣
♣.≈...♣♣♣.♣ .≈.♣ ♣♣...♣♣
♣.♣


You could see a giant leech.

Vanquished Creatures
  Donald (Orc:3)
  An emperor scorpion (Spider:3)
  A white draconian (IceCv)
  Snorg (Orc:3)
  19 hydras
  Harold (Lair:8)
  Nessos (Spider:1)
  2 rakshasas
  Erica (D:10)
  2 alligators (Swamp:1)
  3 orc high priests (Orc:4)
  The ghost of Aumanor the Conjurer, a powerful DEWz of Vehumet (Lair:4)
  A centaur warrior (D:13)
  5 death yaks
  6 unseen horrors
  5 orb spiders
  An orb spider (shapeshifter) (D:13)
  4 hill giants
  2 swamp dragons
  6 orc sorcerers
  An oklob plant (D:10)
  10 wolf spiders
  A manticore (D:13)
  4 orc knights (Orc:4)
  A moth of wrath (shapeshifter) (D:13)
  A griffon (Lair:5)
  2 cyclopes
  21 elephants
  A smoke demon (Orc:4)
  5 black mambas
  The ghost of Conan321 the Thaumaturge, an experienced DEAE of Vehumet (D:8)
  4 gargoyles (D:13)
  A torpor snail (Spider:1)
  18 spiny frogs
  8 kobold demonologists
  11 komodo dragons
  A tengu conjurer (D:13)
  4 fire drakes
  A yaktaur (D:13)
  5 demonic crawlers
  A queen bee (D:8)
  An efreet (D:13)
  A wandering mushroom (Lair:6)
  A two-headed ogre (Orc:4)
  Sonja (Spider:1)
  15 slime creatures
  16 polar bears
  2 centaur skeletons
  3 trolls
  3 giant leeches
  16 blink frogs
  3 ravens (Swamp:1)
  13 jumping spiders
  A hydra skeleton (D:12)
  A boulder beetle (Spider:2)
  3 wyverns
  A basilisk (Lair:2)
  20 redbacks
  2 vampires
  8 trapdoor spiders
  A shadow (D:11)
  12 tarantellas
  12 ugly things
  3 deep elf magi
  A hill giant zombie (D:12)
  2 wraiths
  48 yaks
  18 wolves
  7 hippogriffs
  The ghost of wullow the Cudgeler, an average GrCK of Xom (D:3)
  A mottled dragon (D:13)
  9 swamp worms
  16 vampire mosquitoes
  18 water moccasins
  2 yellow wasps
  5 porcupines
  24 spiders
  3 sky beasts
  4 swamp drakes
  2 phantoms
  23 orc warriors
  3 black bears
  10 ogres
  14 centaurs
  A necrophage (D:6)
  11 crocodiles
  4 ice beasts
  A manticore skeleton (D:9)
  4 big kobolds
  Duvessa (D:4)
  A boring beetle (Lair:8)
  Blork the orc (D:4)
  35 giant frogs
  5 insubstantial wisps
  4 scorpions
  A yaktaur skeleton (D:13)
  17 killer bees (D:8)
  5 electric eels (Lair:8)
  3 eyes of draining
  A troll zombie (D:8)
  10 wights
  A troll skeleton (D:11)
  5 crimson imps
  2 goliath beetles
  A giant frog zombie (D:12)
  16 hounds
  3 jellies
  4 human zombies (D:8)
  17 iguanas
  29 orc priests
  A quasit (D:13)
  16 worker ants
  35 orc wizards
  A human skeleton (D:8)
  19 sheep
  6 orange rats (Lair:7)
  A sky beast zombie (D:10)
  An ogre zombie (D:8)
  2 mummies (D:8)
  4 gnolls
  29 adders
  12 white imps (D:11)
  48 green rats
  4 shadow imps
  2 inept feature mimics
  A worm (D:2)
  6 orc zombies
  An iguana skeleton (D:7)
  An iguana zombie (D:8)
  5 giant geckos
  An ooze (D:3)
  190 orcs
  12 bats
  3 giant cockroaches
  13 hobgoblins
  7 jackals
  21 kobolds
  19 quokkas
  2 ball pythons
  5 giant newts
  2 giant spores
  21 goblins
  A hobgoblin skeleton (D:5)
  A jackal zombie (D:9)
  A kobold skeleton (D:4)
  An orc skeleton (D:5)
  15 rats
  5 ballistomycetes
  A fungus (Lair:8)
  4 plants
1219 creatures vanquished.

Vanquished Creatures (collateral kills)
  An orb spider (Spider:1)
  An orc sorcerer (Orc:4)
  A demonic crawler (Spider:1)
  A giant leech (Lair:8)
  6 wolves
  A centaur (D:13)
  A worker ant (D:13)
  3 orc zombies (Orc:4)
15 creatures vanquished.

Vanquished Creatures (others)
  2 vampire mosquitoes
  6 scorpions
  14 killer bees
  3 goliath beetles
  7 worker ants
  A worm (D:13)
  2 orcs
  A giant spore (D:12)
  2 ballistomycetes (D:12)
  3 butterflies (Orc:4)
  2 fungi
  2 plants
45 creatures vanquished.

Grand Total: 1279 creatures vanquished

Notes
Turn   | Place    | Note
--------------------------------------------------------------
     0 | D:1      | Psiweapon, the Kobold Hunter, began the quest for the Orb.
     0 | D:1      | Reached XP level 1. HP: 12/12 MP: 1/1
    27 | D:1      | Reached skill level 5 in Crossbows
    27 | D:1      | Reached XP level 2. HP: 16/16 MP: 2/2
   360 | D:1      | Reached XP level 3. HP: 12/20 MP: 3/3
  1057 | D:2      | Found a deep blue altar of Sif Muna.
  1365 | D:2      | Reached XP level 4. HP: 25/25 MP: 4/4
  1413 | D:2      | Found a shattered altar of Ashenzari.
  1737 | D:3      | Noticed wullow's ghost (average GrCK)
  2008 | D:3      | Reached skill level 1 in Evocations
  2008 | D:3      | Reached XP level 5. HP: 9/29 MP: 4/6
  2278 | D:3      | Noticed an ogre
  2295 | D:3      | Killed an ogre
  2295 | D:3      | Reached skill level 6 in Crossbows
  2295 | D:3      | Reached skill level 5 in Stealth
  2295 | D:3      | Reached XP level 6. HP: 11/34 MP: 5/8
  2536 | D:3      | Killed wullow's ghost
  2832 | D:3      | Found a snail-covered altar of Cheibriados.
  2927 | D:3      | Found a burning altar of Makhleb.
  3118 | D:4      | Gained mutation: You can breathe flames. [mutagenic glow]
  3605 | D:4      | Reached XP level 7. HP: 38/38 MP: 11/11
  3776 | D:4      | Noticed Blork the orc
  3784 | D:4      | Killed Blork the orc
  3784 | D:4      | Reached skill level 7 in Crossbows
  4483 | D:4      | Noticed Duvessa
  4484 | D:4      | Noticed Dowan
  4752 | D:4      | Killed Duvessa
  5307 | D:5      | Entered Level 5 of the Dungeon
  5312 | D:5      | Found a bloodstained altar of Trog.
  5446 | D:5      | Noticed a wyvern
  5448 | D:5      | Reached XP level 8. HP: 43/43 MP: 11/14
  5454 | D:5      | Killed a wyvern
  5454 | D:5      | Reached skill level 5 in Short Blades
  6255 | D:6      | Found Piesol Kada's Antique Weapon Shop.
  6476 | D:6      | Reached skill level 8 in Stealth
  6927 | D:6      | Reached XP level 9. HP: 47/47 MP: 13/15
  7068 | D:6      | Reached skill level 9 in Stealth
  7258 | D:6      | Found a snail-covered altar of Cheibriados.
  7795 | D:7      | Reached skill level 10 in Stealth
  8022 | D:7      | Found a staircase to the Ecumenical Temple.
  8043 | Temple   | Entered the Ecumenical Temple
  8142 | Temple   | Became a worshipper of Dithmenos the Shadowed
  8219 | D:7      | Found a sparkling altar of Nemelex Xobeh.
  8689 | D:7      | Found a stormy altar of Qazlal.
  8692 | D:7      | Found an opulent altar of Gozag.
  8692 | D:7      | Found a white marble altar of Elyvilon.
  8692 | D:7      | Found an ancient bone altar of Kikubaaqudgha.
  8875 | D:8      | Noticed a queen bee
  8878 | D:8      | Killed a queen bee
  8878 | D:8      | Reached skill level 11 in Stealth
  8879 | D:8      | Reached skill level 10 in Short Blades
  8892 | D:8      | Reached XP level 10. HP: 52/52 MP: 17/17
  9079 | D:8      | Learned a level 1 spell: Freeze
  9133 | D:8      | Found a shimmering altar of Xom.
  9250 | D:8      | Found Ukalair's Magic Scroll Shop.
  9268 | D:8      | Reached skill level 12 in Stealth
  9379 | D:8      | Got a silk robe
  9380 | D:8      | Identified the +2 robe "Pseadets" {SInv Stlth+} (You found it on level 8 of the Dungeon)
  9425 | D:8      | Got a faintly glowing ring mail
  9523 | D:8      | Identified the +4 ring mail of Whack-A-Mole {+Rage} (You took it off an orc on level 8 of the Dungeon)
  9557 | D:8      | Bought a scroll of blinking for 82 gold pieces
  9557 | D:8      | Bought a scroll of remove curse for 33 gold pieces
  9557 | D:8      | Bought a scroll of identify for 22 gold pieces
  9782 | D:8      | Found a basalt altar of Yredelemnul.
  9809 | D:8      | Acquired Dithmenos' first power
 10004 | D:8      | Reached skill level 5 in Evocations
 10092 | D:8      | Noticed Conan321's ghost (experienced DEAE)
 10537 | D:9      | Reached skill level 5 in Dodging
 10550 | D:9      | Reached skill level 5 in Fighting
 11154 | D:9      | Reached XP level 11. HP: 64/64 MP: 20/20
 11191 | D:10     | Entered Level 10 of the Dungeon
 11203 | D:10     | Noticed a hill giant
 11216 | D:10     | Killed a hill giant
 11485 | D:10     | Acquired Dithmenos' second power
 12137 | D:10     | Found an iron altar of Okawaru.
 12526 | D:10     | Noticed Erica
 12539 | D:10     | Killed Erica
 12737 | D:10     | Noticed an oklob plant
 12845 | D:10     | Found a staircase to the Lair.
 12849 | D:10     | Killed an oklob plant
 13075 | D:10     | Found a staircase to the Orcish Mines.
 13264 | Lair:1   | Entered Level 1 of the Lair of Beasts
 13609 | Lair:1   | Noticed a six-headed hydra
 13636 | Lair:1   | Killed a six-headed hydra
 13636 | Lair:1   | Reached XP level 12. HP: 56/76 MP: 23/23
 14249 | Lair:1   | Noticed a four-headed hydra
 14254 | Lair:1   | Killed a four-headed hydra
 14274 | Lair:1   | Reached skill level 10 in Fighting
 14665 | Lair:2   | Reached skill level 1 in Armour
 14668 | Lair:2   | Acquired Dithmenos' third power
 15247 | Lair:2   | Noticed a four-headed hydra
 15256 | Lair:2   | Killed a four-headed hydra
 15256 | Lair:2   | Reached skill level 10 in Evocations
 15591 | Lair:1   | Upgraded the game from 0.15-a0-1723-gae8f746 to 0.15-a0-1729-g99b9770
 15603 | Lair:1   | Learned a level 3 spell: Ozocubu's Armour
 15677 | Lair:2   | Reached skill level 10 in Crossbows
 16378 | Lair:3   | Learned a level 2 spell: Cure Poison
 16486 | Lair:3   | Noticed a four-headed hydra
 16493 | Lair:3   | Killed a four-headed hydra
 16493 | Lair:3   | Reached XP level 13. HP: 82/82 MP: 27/27
 16506 | Lair:3   | Upgraded the game from 0.15-a0-1729-g99b9770 to 0.15-a0-1766-g0ee8742
 16906 | Lair:3   | Noticed a six-headed hydra
 16916 | Lair:3   | Killed a six-headed hydra
 17754 | Lair:4   | Acquired Dithmenos' fourth power
 18097 | Lair:4   | Noticed Aumanor's ghost (powerful DEWz)
 18119 | Lair:4   | Killed Aumanor's ghost
 18357 | Lair:4   | Noticed a six-headed hydra
 18368 | Lair:4   | Killed a six-headed hydra
 18513 | Lair:4   | Noticed a four-headed hydra
 18521 | Lair:4   | Killed a four-headed hydra
 18650 | Lair:4   | Noticed a death yak
 18666 | Lair:4   | Killed a death yak
 18794 | Lair:4   | Noticed a death yak
 18794 | Lair:4   | Noticed a death yak
 18794 | Lair:4   | Noticed a death yak
 18799 | Lair:4   | Killed a death yak
 18800 | Lair:4   | Killed a death yak
 18800 | Lair:4   | Reached skill level 13 in Stealth
 18802 | Lair:4   | Killed a death yak
 19593 | Lair:4   | Identified a scroll of acquirement
 19600 | Lair:4   | Identified a +6 rod of the swarm (10/10) (You acquired it on level 4 of the Lair of Beasts)
 19812 | Lair:5   | Reached XP level 14. HP: 88/88 MP: 29/29
 20366 | Lair:5   | Found a hole to the Spider Nest.
 20746 | Lair:5   | Found a staircase to the Swamp.
 21769 | D:8      | Killed Conan321's ghost
 22264 | Lair:1   | Learned a level 4 spell: Petrify
 22664 | Lair:6   | Reached skill level 5 in Armour
 22676 | Lair:6   | Reached skill level 1 in Earth Magic
 22809 | Lair:6   | Reached skill level 1 in Transmutations
 23650 | Lair:6   | Found a staircase to the Slime Pits.
 25455 | Lair:8   | Entered Level 8 of the Lair of Beasts
 26936 | Lair:8   | Reached skill level 1 in Invocations
 27332 | Lair:8   | Noticed Harold
 27340 | Lair:8   | Killed Harold
 27343 | Lair:8   | Reached XP level 15. HP: 95/95 MP: 30/30
 28957 | D:11     | Found a frozen archway.
 29000 | IceCv    | Entered an ice cave
 29445 | IceCv    | Reached skill level 14 in Crossbows
 30665 | IceCv    | Reached skill level 5 in Invocations
 31361 | D:11     | Reached skill level 1 in Ice Magic
 33756 | D:13     | Found Poci's Assorted Antiques.
 33759 | D:13     | Bought a jewelled helmet for 294 gold pieces
 33759 | D:13     | Bought a scroll of identify for 62 gold pieces
 33759 | D:13     | Bought a scroll of identify for 62 gold pieces
 33759 | D:13     | Bought a scroll labeled QOOC ORALOLE for 31 gold pieces
 33760 | D:13     | Identified the cursed -5 helmet "Alithu" {Int+1 Slay+3} (You bought it in a shop on level 13 of the Dungeon)
 34511 | D:13     | Reached skill level 15 in Crossbows
 34690 | D:13     | Reached XP level 16. HP: 102/102 MP: 31/31
 35893 | D:13     | Noticed a storm dragon
 35961 | D:14     | Reached skill level 5 in Ice Magic
 35965 | D:14     | Found Itsuent's Book Boutique.
 36256 | Orc:1    | Entered Level 1 of the Orcish Mines
 37618 | Orc:2    | You fall through a shaft!
 37889 | Orc:3    | Noticed Snorg
 37894 | Orc:3    | Killed Snorg
 38082 | Orc:3    | Noticed Donald
 38085 | Orc:3    | Killed Donald
 38943 | Orc:2    | Found Phi Seng's Armour Shop.
 39433 | Orc:4    | Entered Level 4 of the Orcish Mines
 39439 | Orc:4    | Found Heigetiopn's Jewellery Boutique.
 41069 | Orc:4    | Found Weiw's Weapon Shoppe.
 41079 | Orc:4    | Found Baajebuo's Weapon Boutique.
 41079 | Orc:4    | Found Waufa's Antique Armour Boutique.
 41079 | Orc:4    | Found Esemp's Weapon Shoppe.
 42024 | Orc:4    | Found a staircase to the Elven Halls.
 42341 | Orc:4    | Upgraded the game from 0.15-a0-1766-g0ee8742 to 0.15-a0-1788-ga796aff
 42341 | Orc:4    | Bought the +4 Vampire's Tooth {vamp} for 1600 gold pieces
 42455 | Orc:4    | Found a roughly hewn altar of Beogh.
 43061 | Spider:1 | Entered Level 1 of the Spider Nest
 43194 | Spider:1 | Reached skill level 16 in Crossbows
 43213 | Spider:1 | Noticed Nessos
 43223 | Spider:1 | Killed Nessos
 43233 | Spider:1 | Noticed Sonja
 43240 | Spider:1 | Killed Sonja
 45451 | Spider:2 | Reached XP level 17. HP: 99/107 MP: 31/31
 45594 | Spider:2 | Reached skill level 5 in Earth Magic
 47072 | Lair:1   | Upgraded the game from 0.15-a0-1788-ga796aff to 0.16-a0-347-ge97bf62
 48265 | Spider:3 | Reached skill level 5 in Transmutations
 48574 | Spider:3 | Noticed Arachne
 48647 | Spider:3 | HP: 5/107 [wolf spider (15)]
 48647 | Spider:3 | HP: 2/107 [wolf spider (3)]
 49066 | Swamp:1  | Entered Level 1 of the Swamp
 50986 | Swamp:2  | Gained mutation: You can spit poison. [potion of mutation]
 50986 | Swamp:2  | Gained mutation: You have difficulty communicating with the divine. [potion of mutation]
 50986 | Swamp:2  | Gained mutation: You have supernaturally acute eyesight. [potion of mutation]
 50987 | Swamp:2  | Gained mutation: You are agile. (Dex +2) [potion of mutation]
 50987 | Swamp:2  | Gained mutation: You heal slowly when monsters are visible. [potion of mutation]
 50987 | Swamp:2  | Lost mutation: You can spit poison. [potion of mutation]
 51017 | Swamp:2  | Noticed Frances
 51054 | Swamp:2  | Slain by a giant leech

Action                   |  1- 3 |  4- 6 |  7- 9 | 10-12 | 13-15 | 16-18 || total
-------------------------+-------+-------+-------+-------+-------+-------++-------
Melee: Short sword       |    85 |    68 |    12 |       |   181 |   250 ||   596
       Dagger            |       |    31 |   195 |   658 |  1009 |   871 ||  2764
       Long sword        |       |       |       |    17 |       |       ||    17
 Fire: Arbalest          |    42 |    24 |    13 |    61 |   188 |   306 ||   634
 Cast: Freeze            |       |       |       |     5 |       |       ||     5
       Ozocubu's Armour  |       |       |       |       |       |     5 ||     5
       Petrify           |       |       |       |       |       |    11 ||    11
Invok: Shadow Step       |       |       |       |       |     2 |    11 ||    13
 Abil: Evoke Invisibilit |       |     9 |    27 |    36 |    84 |    58 ||   214
       Turn Visible      |       |     1 |    14 |    22 |    61 |    30 ||   128
       Breathe Fire      |       |       |     1 |       |       |       ||     1
Evoke: Rod               |       |       |       |       |     4 |    12 ||    16
       Wand              |       |       |       |       |     8 |    13 ||    21
  Use: Potion            |     2 |       |     1 |     1 |     2 |     5 ||    11
       Scroll            |       |    10 |     3 |    11 |    17 |    13 ||    54
 Stab: Sleeping          |       |     9 |    48 |    89 |   174 |   187 ||   507
       Invisible         |       |     5 |    20 |    44 |   156 |    96 ||   321
       Distracted        |       |     1 |       |     1 |    10 |     4 ||    16
       Petrifying        |       |       |       |       |       |     5 ||     5
       Petrified         |       |       |       |       |       |     1 ||     1
  Eat: Chunk             |       |       |       |       |       |    19 ||    19
       Pizza             |       |       |       |       |       |     1 ||     1
